 Dungeon Crawl Stone Soup version 0.26.1-11-gd32895ea62 (webtiles) character file.

Game seed: 6175952699889816114

3901 porpoise the Fighter (level 10, 0/73 HPs)
             Began as a Halfling Fighter on Apr 25, 2021.
             Was a Believer of Okawaru.
             Slain by a two-headed ogre
             ... wielding a +0 giant club
              (5 damage)
             ... on level 8 of the Dungeon.
             The game lasted 00:50:42 (8680 turns).

porpoise the Fighter (Halfling Fighter)             Turns: 8680, Time: 00:50:43

Health: 0/73       AC: 10    Str: 17    XL:     10   Next: 43%
Magic:  12/12      EV: 13    Int: 15    God:    Okawaru [**....]
Gold:   118        SH: 10    Dex: 15    Spells: 2/9 levels left

rFire    . . .     SeeInvis .   a - +3 whip of the Real Monster {venom, rPois}
rCold    . . .     Faith    .   c - +0 kite shield
rNeg     . . .     Spirit   .   F - +0 scale mail
rPois    +         Reflect  .   m - +1 hat
rElec    .         Harm     .   y - +0 cloak
rCorr    .         Rampage  .   k - +0 pair of gloves
Will     .....                  (no boots)
Stlth    +.........             E - amulet of regeneration
HPRegen  0.62/turn              S - ring of Codenkan {rPois Stlth+}
MPRegen  0.13/turn              t - +6 ring of intelligence

@: no status effects
A: small, mutation resistance 1
a: Renounce Religion, Heroism


You were on level 8 of the Dungeon.
You worshipped Okawaru.
Okawaru was pleased with you.
You visited 2 branches of the dungeon, and saw 10 of its levels.

You collected 705 gold pieces.
You spent 587 gold pieces at shops.

Inventory:

Hand Weapons
 a - the +3 whip of the Real Monster (weapon) {venom, rPois}
   (You took it off Eustachio on level 4 of the Dungeon)

   It poisons the flesh of those it strikes.
   It protects you from poison.
 b - a +1 fustibalus
 w - a +0 mace of holy wrath
 J - a +0 rapier of protection
Missiles
 h - 5 boomerangs (quivered)
 j - 174 stones
 B - 43 poisoned darts
 C - 2 atropa-tipped darts
 G - 93 sling bullets
 I - 32 bolts
 N - 5 datura-tipped darts
Armour
 c - a +0 kite shield (worn)
 k - a +0 pair of gloves (worn)
 m - a +1 hat (worn)
 y - a +0 cloak (worn)
 F - a +0 scale mail (worn)
Magical Staves
 K - an uncursed staff of death
Jewellery
 d - an uncursed ring of fire
 q - an uncursed ring of protection from cold
 t - a +6 ring of intelligence (right hand)
 E - an amulet of regeneration (around neck)
 S - the ring of Codenkan (left hand) {rPois Stlth+}
   (You bought it in a shop on level 7 of the Dungeon)

   [ring of stealth]

   It protects you from poison.
   It makes you more stealthy.
Wands
 L - a wand of random effects (27)
 O - a wand of iceblast (10)
 T - a wand of paralysis (5)
 U - a wand of disintegration (27)
 V - a wand of flame (3)
 X - a wand of digging (5)
Scrolls
 e - 4 scrolls of enchant weapon
 i - 5 scrolls of teleportation
 l - a scroll of fear
 n - a scroll of blinking {unknown}
 r - a scroll of amnesia {unknown}
 v - a scroll of noise
 x - a scroll of enchant armour
 H - 2 scrolls of magic mapping
 M - a scroll of immolation {unknown}
 Q - a scroll of vulnerability {unknown}
Potions
 f - 2 potions of lignification
 g - 4 potions of ambrosia
 o - a potion of attraction
 p - 4 potions of curing
 s - a potion of mutation
 u - a potion of flight {unknown}
 z - 2 potions of brilliance
 D - 2 potions of magic
 R - a potion of cancellation {unknown}
 W - a potion of heal wounds
 Y - a potion of berserk rage {unknown}


   Skills:
 + Level 8.7 Fighting
 - Level 7.0 Short Blades
 - Level 2.0 Maces & Flails
 + Level 7.8 Slings
 - Level 5.0 Armour
 - Level 5.5 Dodging
 - Level 5.0 Shields
 - Level 3.0 Invocations


You had 2 spell levels left.
You knew the following spells:

 Your Spells              Type           Power        Failure   Level
i - Ignite Poison         Fire/Tmut/Pois 0%           100%        3
o - Olgreb's Toxic Radia  Pois           0%           100%        4

Your spell library contained the following spells:

 Spells                   Type           Power        Failure   Level
 Sting                    Tmut/Pois      0%           98%         1
 Poisonous Vapours        Pois/Air       0%           99%         2
 Mephitic Cloud           Conj/Pois/Air  0%           100%        3
 Ice Form                 Ice/Tmut       0%           100%        4
 Petrify                  Tmut/Erth      0%           100%        4
 Dragon Form              Tmut           0%           100%        7


Dungeon Overview and Level Annotations

Branches:
Dungeon (9/15)             Temple (1/1) D:5            Lair (0/6) D:8
    Orc: D:9-12

Altars:
Ashenzari
Cheibriados
Dithmenos
Elyvilon
Fedhas
Gozag
Kikubaaqudgha
Okawaru
Qazlal
Trog
Uskayaw
Wu Jian
Xom
Zin

Shops:
D:6 =   D:7 (((*


Innate Abilities, Weirdness & Mutations

You are small and have problems with some larger weapons.
You are somewhat resistant to further mutation.


Message History

The two-headed ogre hits you with a +0 giant spiked club!!
* * * LOW HITPOINT WARNING * * *
You whack the two-headed ogre!
The two-headed ogre looks as sick as possible!
The two-headed ogre is heavily wounded.
You hit the two-headed ogre.
The two-headed ogre looks as sick as possible!
The two-headed ogre is heavily wounded.
You block the two-headed ogre's attack. The two-headed ogre barely misses you.
You whack the two-headed ogre!
The two-headed ogre looks as sick as possible!
The two-headed ogre is severely wounded.
The two-headed ogre misses you.
The two-headed ogre hits you with a +0 giant spiked club!!
* * * LOW HITPOINT WARNING * * *
You feel much better.
The two-headed ogre hits you with a +0 giant club!!
* * * LOW HITPOINT WARNING * * *
The two-headed ogre hits you with a +0 giant spiked club.
You die...

........#
#+#.##......#
..........
....#....#######
...........
####.##.....##...##
...........
#.....###.........#
............
.....#...........##
.......#.....
#...#...........#
#....### #...
##.........###..#
...#.#
#....#O....)#....##.##
.#..##
#.....@.##..##>...# #
.# .#
#.......#....##...#
...
#..........########
... #...........#
...#..####### .. ##. .
##


You could see a two-headed ogre (extremely poisoned).

Vanquished Creatures
  Joseph (D:8)
  A yak (D:7)
  Eustachio (D:4)
  A sky beast (D:5)
  An ice beast (D:7)
  An orc warrior (D:8)
  A phantom (D:4)
  A necrophage (D:6)
  4 ogres
  2 centaurs
  2 big kobolds
  2 bullfrogs (D:7)
  A wyvern skeleton (D:8)
  13 killer bees
  2 howler monkeys (D:5)
  A bullfrog zombie (D:5)
  5 hounds
  8 orc wizards
  A bullfrog skeleton (D:4)
  2 centaur skeletons (D:4)
  3 orc priests (D:7)
  2 jellies (D:3)
  2 iguanas (D:5)
  Natasha (thrice) (D:4)
  7 worker ants
  A killer bee zombie (D:6)
  A hound zombie (D:7)
  A worker ant zombie (D:7)
  3 gnolls
  17 adders
  3 shadow imps
  2 white imps
  An ufetubus (D:7)
  10 oozes
  2 adder zombies
  2 adder skeletons
  2 worms (D:2)
  5 dart slugs
  3 leopard geckos
  29 orcs
  6 ball pythons
  5 giant cockroaches
  6 goblins
  8 hobgoblins
  17 jackals
  3 quokkas
  6 bats
  3 frilled lizards
  A jackal zombie (D:7)
  27 kobolds
  10 rats
242 creatures vanquished.

Vanquished Creatures (others)
  An orc wizard (D:3)
  6 fungi (D:3)
  3 plants (D:8)
  6 toadstools (D:3)
16 creatures vanquished.

Grand Total: 258 creatures vanquished

Notes
Turn   | Place    | Note
-------+----------+-------------------------------------------
     0 | D:1      | porpoise the Halfling Fighter began the quest for the Orb.
     0 | D:1      | Reached XP level 1. HP: 15/15 MP: 1/1
   125 | D:1      | Reached XP level 2. HP: 20/20 MP: 2/2
   157 | D:1      | Reached skill level 3 in Fighting
   218 | D:1      | Reached XP level 3. HP: 26/26 MP: 3/3
   913 | D:2      | Reached XP level 4. HP: 31/31 MP: 4/4
  1071 | D:2      | Noticed a centaur
  1090 | D:2      | Killed a centaur
  1091 | D:2      | Reached skill level 4 in Fighting
  1091 | D:2      | Reached XP level 5. HP: 23/37 MP: 5/5
  1611 | D:2      | Reached skill level 5 in Short Blades
  1996 | D:2      | Reached XP level 6. HP: 38/44 MP: 6/6
  2201 | D:2      | Found a glowing silver altar of Zin.
  2512 | D:3      | Found an ancient bone altar of Kikubaaqudgha.
  3674 | D:4      | Noticed Natasha
  3687 | D:4      | Killed Natasha
  3688 | D:4      | Reached skill level 5 in Fighting
  3719 | D:4      | Noticed Natasha
  3752 | D:3      | Reached XP level 7. HP: 39/50 MP: 7/7
  3812 | D:4      | Killed Natasha
  3813 | D:4      | Reached skill level 1 in Dodging
  3847 | D:4      | Found a snail-covered altar of Cheibriados.
  4004 | D:4      | Identified the +3 whip of the Real Monster {venom, rPois}
  4004 | D:4      | Noticed Eustachio
  4022 | D:4      | Killed Eustachio
  4062 | D:4      | Reached skill level 1 in Maces & Flails
  4062 | D:4      | Reached XP level 8. HP: 55/55 MP: 8/8
  4298 | D:4      | Noticed Natasha
  4308 | D:4      | Killed Natasha
  4527 | D:4      | Found a shadowy altar of Dithmenos.
  4574 | D:5      | Entered Level 5 of the Dungeon
  4593 | D:4      | Reached skill level 5 in Dodging
  5100 | D:5      | Reached skill level 5 in Armour
  5100 | D:5      | Reached skill level 5 in Shields
  5100 | D:5      | Reached XP level 9. HP: 61/61 MP: 9/9
  5100 | D:5      | Found a staircase to the Ecumenical Temple.
  5148 | Temple   | Entered the Ecumenical Temple
  5163 | Temple   | Became a worshipper of Warmaster Okawaru
  5689 | D:6      | Learned a level 4 spell: Olgreb's Toxic Radiance
  5693 | D:6      | Learned a level 3 spell: Ignite Poison
  5746 | D:6      | Found a broken altar of Ashenzari.
  5813 | D:6      | Reached skill level 1 in Invocations
  5835 | D:6      | Found Usiomp's Jewellery Boutique.
  5963 | D:6      | Reached skill level 6 in Fighting
  6734 | D:7      | Found Opnelum's Weapon Shop.
  6750 | D:7      | Bought a +0 fustibalus for 165 gold pieces
  6775 | D:7      | Reached skill level 7 in Fighting
  6776 | D:7      | Reached * piety under Okawaru
  6777 | D:7      | Reached skill level 1 in Slings
  7088 | D:7      | Found Veipp's Assorted Antiques.
  7098 | D:7      | Bought a white potion for 22 gold pieces
  7098 | D:7      | Bought a twitching ivory ring for 125 gold pieces
  7098 | D:7      | Bought a scroll labelled JOWIAL DELO for 25 gold pieces
  7098 | D:7      | Bought a scroll of identify for 50 gold pieces
  7098 | D:7      | Bought a forked gold wand for 100 gold pieces
  7098 | D:7      | Bought a long glass wand for 100 gold pieces
  7099 | D:7      | Identified the ring of Codenkan {rPois Stlth+} (You bought
                  | it in a shop on level 7 of the Dungeon)
  7233 | D:7      | Found Lofat's Antique Weapon Shoppe.
  7236 | D:7      | Found Baanim's Antique Weapon Shoppe.
  7258 | D:7      | Reached XP level 10. HP: 72/72 MP: 12/12
  7528 | D:8      | Identified Istraqyn's Catalogue of Transmutation
  7559 | D:7      | Reached skill level 5 in Slings
  7878 | D:8      | Noticed Joseph
  7903 | D:8      | Killed Joseph
  7904 | D:8      | Reached skill level 8 in Fighting
  8041 | D:8      | Reached ** piety under Okawaru
  8125 | D:8      | Found a staircase to the Lair.
  8668 | D:8      | Noticed a two-headed ogre
  8680 | D:8      | Slain by a two-headed ogre

Illustrated notes

Levels and vault maps discovered:
D:1:      ncdulo_watergridlock, layout_rooms
D:2:      layout_loops_corners, lemuel_coloured_pillars_altar,
          minmay_close_crescents
D:3:      cheibrodos_fertilizer, layout_basic, nicolae_overflow_crystal_walls,
          serial_co_window_serial, co_window_corner_a, co_window_paths_a,
          co_window_paths_a, co_window_paths_a, co_window_corner_a,
          co_window_paths_b, co_window_corner_a, co_window_paths_a,
          co_window_of_opportunity_a, co_window_broadway_c, co_window_corner_cb,
          co_window_cross_4, co_window_paths_c, co_window_paths_d,
          glass_columns_b, glass_columns_a, glass_columns_a, glass_columns_b
D:4:      layout_cave_pools, general_overflow_altar, cheibriados_altar_1,
          uniq_eustachio, uniq_natasha
D:5:      layout_layer_cave, minmay_temple_entry_large_hall
D:6:      layout_cave_pools, cheibrodos_ashenzari_chains, serial_shops,
          shop_coins
D:7:      layout_cave_pools, serial_shops, shop, nicolae_shop_crystal, shop,
          shop
D:8:      layout_cave_pools, dpeg_oklobed_lair, chequers_arboretum,
          hangedman_incinerator, uniq_joseph
D:9:      layout_irregular_city
Temple:   eino_narrow_crystal_temple

Skill      XL: |  1  2  3  4  5  6  7  8  9 10 |
---------------+-------------------------------+-----
Fighting       | 3 4 5 7 8 |  8.7
Short Blades   | 3 4 5 6 7 |  7.0
Dodging        | 3 5 |  5.5
Maces & Flails | 1 2 |  2.0
Armour         | 5 |  5.0
Shields        | 5 |  5.0
Invocations    | 3 |  3.0
Slings         | 4 7 |  7.8

Action                   |  1- 3 |  4- 6 |  7- 9 | 10-12 || total
-------------------------+-------+-------+-------+-------++-------
Melee: Rapier            |    64 |   248 |    39 |       ||   351
       Whip              |       |       |   257 |   115 ||   372
       Mace              |       |       |    59 |     1 ||    60
       Fustibalus        |       |       |       |     2 ||     2
 Fire: Fustibalus        |       |       |    71 |    48 ||   119
Throw: Boomerang         |    38 |    22 |   102 |     5 ||   167
       Dart              |       |     2 |       |       ||     2
Invok: Heroism           |       |       |     1 |       ||     1
Evoke: Wand              |       |       |     2 |     7 ||     9
  Use: Scroll            |     1 |     3 |     1 |    13 ||    18
       Potion            |       |       |     2 |     1 ||     3
Armor: Scale mail        |    20 |    93 |   171 |    60 ||   344
Dodge: Dodged            |    20 |    71 |   222 |   144 ||   457
Block: Kite shield       |    26 |    95 |   236 |   129 ||   486
